 Dungeon Crawl Stone Soup version 0.19-a0-1922-g1e9a4c1 (webtiles) character file.

65 LORDOFBUTT the Cudgeler (level 4, 0/52 HPs)
             Began as a Human Berserker on Oct 25, 2016.
             Was a Believer of Trog.
             Shot with an arrow by a centaur (10 damage)
             ... on level 3 of the Dungeon.
             The game lasted 00:01:44 (1760 turns).

LORDOFBUTT the Cudgeler (Human Berserker)           Turns: 1760, Time: 00:01:45

Health: 0/52       AC:  4    Str: 22    XL:     4   Next: 35%
Magic:  4/4        EV: 12    Int:  8    God:    Trog [**....]
Gold:   126        SH:  0    Dex: 13    Spells: 0 memorised, 3 levels left

rFire  . . .     SeeInvis .     a - +0 mace
rCold  . . .     Gourm    .     b - +0 animal skin
rNeg   + . .     Faith    .     (no shield)
rPois  .         Spirit   .     k - +0 helmet
rElec  .         Reflect  .     i - +0 cloak
rCorr  .         Harm     .     (no gloves)
MR     .....                    (no boots)
Stlth  ..........               (no amulet)
                                (no ring)
                                e - ring of positive energy

@: berserking (expiring), lethally poisoned (0 -> -5), very quick
A: no striking features
a: Berserk, Trog's Hand, Burn Spellbooks, Renounce Religion


You were on level 3 of the Dungeon.
You worshipped Trog.
Trog was pleased with you.
You were not hungry.

You visited 1 branch of the dungeon, and saw 3 of its levels.

You collected 126 gold pieces.

Inventory:

Hand Weapons
 a - a +0 mace (weapon)
Armour
 b - a +0 animal skin (worn)
 i - a +0 cloak (worn)
 k - a +0 helmet (worn)
Jewellery
 e - a ring of positive energy (left hand)
Wands
 m - a wand of flame (32/48)
Scrolls
 c - a scroll of enchant weapon {unknown}
 f - 3 scrolls of remove curse {unknown}
 g - a scroll of identify {unknown}
 h - a scroll of immolation {unknown}
 n - 3 scrolls of amnesia {unknown}
 p - 2 scrolls of fog {unknown}
Potions
 d - 4 potions of curing {unknown}
 j - a potion of lignification {unknown}
 l - 2 potions of flight {unknown}
 o - a potion of haste {unknown}
Comestibles
 q - a bread ration


   Skills:
 - Level 3.3 Fighting
 + Level 4.2 Maces & Flails
 - Level 2.2 Armour
 - Level 2.2 Dodging
 - Level 0.4 Stealth


You had 3 spell levels left.
You didn't know any spells.

Dungeon Overview and Level Annotations

Branches:
Dungeon (3/15)

Altars:


Message History

The adder is heavily wounded.
You feel sick. The adder completely misses you.
The centaur shoots an arrow.
The arrow barely misses you.
The quokka bites you but does no damage.
The adder bites you.
* * * LOW HITPOINT WARNING * * *
You are more poisoned.
The adder poisons you!
You closely miss the adder.
The adder is heavily wounded.
The centaur shoots an arrow.
The arrow closely misses you.
An ooze comes into view.
You miss the adder.
The adder is heavily wounded.
You feel sick.
The ooze quivers.
The quokka bites you.
* * * LOW HITPOINT WARNING * * *
The adder barely misses you.
The centaur shoots an arrow.
The arrow hits you!
You die...

#...........#.....†.####.####..#
#.##.##.....#....).......# ##..#
#.##.###.#..#.......###### #...#
#.##.# #......#.....# ##..##
#.##.# ###..#.......# #....
#.##.# #..##.###### #.###
#....## .##.# #.# #
#.###.####..##.######### #.# #
#.##............@S.....J #.# #
#..........##...r....... #.# #
#.###.##### #.cK######.. ...>.[
#†# .. ...... ...### #<# ..
......... .### # #.# #........ #
#.# ####...### # #.. ....# #
#### .


You could see a centaur, an ooze, an adder, a quokka and a kobold.

Vanquished Creatures
  An adder (D:3)
  2 dart slugs
  3 giant cockroaches
  10 goblins
  7 hobgoblins
  6 jackals
  4 bats
  3 frilled lizards
  8 kobolds
  6 rats
50 creatures vanquished.

Vanquished Creatures (others)
  A howler monkey (D:3)
1 creature vanquished.

Grand Total: 51 creatures vanquished

Notes
Turn   | Place    | Note
-------+----------+-------------------------------------------
     0 | D:1      | LORDOFBUTT the Human Berserker began the quest for the Orb.
     0 | D:1      | Reached XP level 1. HP: 18/18 MP: 1/1
   159 | D:1      | Reached XP level 2. HP: 20/24 MP: 2/2
   498 | D:1      | Reached XP level 3. HP: 28/29 MP: 3/3
   877 | D:1      | Reached ** piety under Trog
  1590 | D:3      | Reached XP level 4. HP: 29/35 MP: 4/4
  1704 | D:3      | Reached skill level 4 in Maces & Flails
  1749 | D:3      | Noticed a centaur
  1760 | D:3      | Shot with an arrow by a centaur

Vault maps used:
D:1:      kennysheep_arrival_seaside
D:3:      first_bread, lemuel_flame_loot_1, uniq_sigmund

Skill      XL: |  1  2  3  4 |
---------------+-------------+-----
Maces & Flails | 4 |  4.2
Fighting       | |  3.3
Armour         | |  2.2
Dodging        | |  2.2
Stealth        | |  0.4

Action                   |  1- 3 |  4- 6 || total
-------------------------+-------+-------++-------
Melee: Mace              |   109 |    22 ||   131
Invok: Berserk           |       |     1 ||     1
 Stab: Sleeping          |     4 |     2 ||     6
  Eat: Bread ration      |     1 |       ||     1
Armor: Animal skin       |    33 |     3 ||    36
Dodge: Dodged            |    84 |    20 ||   104
